Map: Graystone Ravine

Players

Razvan

  • Race: Zerg Zerg
  • Spawn Location: 3:00

brayaroby

  • Race: Terran Terran
  • Spawn Location: 5:00

Gracz

  • Race: Zerg Zerg
  • Spawn Location: 9:00

Luffy

  • Race: Protoss Protoss
  • Spawn Location: 11:00

VOD

Have the link to the VOD?

Description

Time

  • Played on: March 5, 2016, 5:49 p.m.
  • Length: 13:35
Show
View Real Time Build Order
Export as new Build Order

Razvan Zerg 

Build Orders: Hatch First, Roach Nydus 

Get SALT Encoding   

  12  0:01  Drone  
  13  0:08  Drone  
  14  0:22  Extractor  
  14  0:23  Drone  
  14  0:24  Extractor, Drone  
  14  0:28  Overlord  
  16  0:56  Hatchery  
  15  1:05  Spawning Pool  
  15  1:07  Drone  
  15  1:11  Drone  
  16  1:16  Drone  
  17  1:18  Extractor  
  17  1:24  Drone  
  17  1:35  Drone  
  18  1:43  Drone  
  19  1:51  Queen  
  19  1:53  Zergling x2  
  22  2:03  Overlord  
  22  2:09  Queen  
  22  2:11  Drone  
  25  2:17  Drone  
  25  2:20  Drone  
  27  2:28  Lair  
  27  2:35  Roach Warren  
  27  2:36  Drone  
  27  2:40  Extractor, Drone  
  27  3:00  Drone x2  
  27  3:01  Drone x3  
  32  3:17  Roach  
  32  3:18  Roach  
  32  3:19  Overlord x2  
  35  3:35  Zergling x2  
  35  3:38  Roach  
  38  3:50  Roach x4  
  38  3:53  Zergling x8  
  44  3:59  Queen  
  46  4:05  Roach  
  46  4:06  Roach  
  50  4:19  Nydus Network  
  50  4:20  Metabolic Boost  
  49  4:25  Roach  
  49  4:30  Extractor  
  50  4:32  Extractor  
  49  4:39  Drone  
  49  4:40  Drone x2  
  49  4:41  Overlord  
  51  5:19  Roach  
  51  5:20  Roach x3  
  59  5:22  Overlord x3  
  59  5:26  Hydralisk Den  
  59  5:27  Nydus Canal  
  58  5:47  Drone x3  
  58  5:48  Drone  
  58  5:49  Drone x2  
  63  6:17  Drone  
  63  6:18  Drone  
  61  6:36  Drone x2  
  61  6:37  Drone x3  
  61  6:38  Hatchery  
  44  6:58  Hydralisk x2  
  48  7:05  Evolution Chamber x2  
  48  7:06  Roach  
  48  7:07  Roach x2  
  52  7:27  Roach x4  
  52  7:29  Roach x4  
  68  7:34  Zerg Missile Weapons Level 1  
  68  7:36  Zerg Ground Armor Level 1  
  68  7:54  Roach x2  
  68  7:55  Roach x2  
  68  7:56  Roach  
  78  8:01  Drone x3  
  81  8:06  Nydus Canal  
  81  8:19  Drone x2  
  83  8:20  Drone  
  83  8:21  Overlord, Drone x2  
  83  8:23  Drone  
  83  8:25  Drone  
  76  9:12  Drone  
  76  9:13  Drone x6  
  76  9:17  Extractor  
  70  9:18  Extractor  
  70  9:20  Hydralisk x3  
  70  9:21  Hydralisk x5  
  70  9:23  Roach x3  
  87  9:28  Zerg Missile Weapons Level 2  
  87  9:30  Hatchery  
  86  9:31  Zerg Ground Armor Level 2  
  86  9:44  Queen  
  88  9:54  Ravager x2  
  88  9:56  Overlord x2  
  88  9:57  Overlord x2  
  88  9:58  Drone  
  88  9:59  Drone  
  92  10:13  Overlord x3  
  92  10:16  Overseer  
  92  10:17  Overlord  
  92  10:21  Pneumatized Carapace  
  92  10:22  Overseer  
  92  10:23  Overseer  
  92  10:26  Roach  
  92  10:27  Roach x2  
  92  10:28  Roach x2  
  102  10:29  Roach  
  102  10:30  Roach  
  102  10:32  Roach  
  109  10:42  Drone  
  109  10:43  Queen  
  111  10:50  Nydus Canal  
  111  11:02  Ravager x2  
  111  11:03  Ravager x3  
  116  11:18  Drone  
  116  11:19  Drone x2  
  116  11:20  Drone x3  
  116  11:21  Drone  
  116  11:22  Drone x6  
  129  11:52  Nydus Canal  
  129  11:58  Hydralisk x4  
  129  11:59  Overlord  
  129  12:00  Hydralisk, Overlord x3  
  139  12:01  Hydralisk x8  
  155  12:09  Hydralisk x2  
  153  12:57  Hydralisk  
  153  12:58  Hydralisk x6  
  161  12:59  Hydralisk x5  
  161  13:00  Hydralisk x3  
  161  13:01  Overlord x2  
  161  13:02  Overlord x3  
  161  13:03  Overlord  
  183  13:22  Nydus Canal  
Show
View Real Time Build Order
Export as new Build Order

brayaroby Terran 

Build Orders: Mech 

Get SALT Encoding   

  12  0:01  SCV  
  13  0:15  Supply Depot  
  13  0:17  SCV  
  14  0:25  Refinery  
  14  0:33  SCV  
  15  0:46  Barracks  
  15  0:51  SCV  
  16  1:03  SCV  
  17  1:17  SCV  
  18  1:23  Refinery  
  18  1:36  Factory  
  18  1:46  SCV  
  19  2:00  Barracks Tech Lab  
  19  2:02  SCV  
  19  2:04  Command Center  
  20  2:14  SCV  
  21  2:33  Starport  
  21  2:43  Stimpack  
  21  2:49  SCV  
  22  3:01  SCV  
  22  3:02  Supply Depot  
  23  3:08  Factory Tech Lab  
  23  3:18  Factory  
  23  3:21  Viking  
  23  3:25  SCV  
  26  3:30  Orbital Command  
  25  3:37  SCV, Marauder  
  28  3:48  Hellion  
  30  4:11  Starport Tech Lab  
  30  4:14  Marauder  
  30  4:16  SCV  
  33  4:20  SCV  
  34  4:28  SCV  
  35  4:32  SCV  
  35  4:33  Factory  
  36  4:40  SCV  
  36  4:42  Marauder  
  36  4:44  SCV  
  40  4:52  SCV  
  41  4:56  SCV  
  40  5:04  SCV  
  39  5:08  SCV  
  36  5:24  Factory Tech Lab  
  36  5:30  Supply Depot  
  36  5:32  Siege Tank  
  39  5:36  Medivac  
  39  5:38  Marauder  
  39  5:41  Orbital Command  
  43  5:52  Refinery  
  43  5:56  Refinery  
  43  5:58  Siege Tank  
  43  5:59  Marauder  
  43  6:02  Command Center  
  48  6:08  SCV  
  49  6:20  SCV  
  49  6:21  Marauder  
  52  6:30  Medivac  
  54  6:36  Supply Depot, Siege Tank, SCV  
  58  7:11  SCV  
  59  7:23  SCV  
  60  7:35  SCV  
  58  7:42  Orbital Command  
  58  7:47  Refinery  
  58  7:55  SCV  
  58  7:57  SCV  
  60  8:07  SCV  
  60  8:09  SCV  
  60  8:12  Supply Depot  
  62  8:13  Siege Tank x2  
  62  8:15  Medivac  
  62  8:18  Marauder  
  62  8:19  SCV  
  73  8:21  SCV  
  74  8:31  SCV  
  74  8:33  SCV  
  76  8:40  Marauder  
  78  8:43  SCV  
  78  8:45  Medivac, SCV  
  82  8:57  Barracks  
  82  8:59  Barracks, Siege Tank x2  
  82  9:01  Marauder  
  90  9:15  Medivac  
  92  9:23  Marauder  
  89  9:31  Siege Tank x2  
  89  9:36  Supply Depot  
  92  9:40  Supply Depot  
  92  9:41  Engineering Bay  
  92  9:42  SCV  
  92  9:44  Marauder  
  95  9:46  Medivac  
  97  9:54  SCV  
  97  9:57  Starport  
  98  10:06  SCV  
  99  10:15  Siege Tank  
  99  10:16  Siege Tank  
  99  10:18  SCV  
  99  10:21  Armory  
  106  10:24  SCV  
  106  10:26  SCV  
  108  10:30  SCV  
  108  10:31  Refinery  
  109  10:36  SCV  
  109  10:39  SCV  
  111  10:47  Starport Reactor  
  111  10:48  SCV  
  112  10:52  Starport  
  112  10:55  Marauder  
  112  10:56  Siege Tank  
  117  11:07  Barracks Reactor x2  
  117  11:08  Siege Tank  
  120  11:16  Marauder  
  120  11:17  Factory  
  122  11:20  Medivac  
  124  12:40  Siege Tank  
  124  12:41  Siege Tank  
Show
View Real Time Build Order
Export as new Build Order

Gracz Zerg 

Build Orders: Pool First 

Get SALT Encoding   

  12  0:04  Drone  
  13  0:08  Drone  
  14  0:17  Overlord  
  14  0:36  Drone x2  
  16  0:50  Extractor  
  16  0:52  Extractor, Drone x2  
  16  0:58  Drone  
  17  1:05  Spawning Pool  
  16  1:15  Drone  
  17  1:26  Drone  
  18  1:53  Metabolic Boost  
  18  1:55  Zergling x6  
  18  1:56  Hatchery  
  18  2:01  Queen  
  22  2:18  Overlord  
  22  2:37  Zergling x4  
  24  2:48  Drone  
  24  2:49  Drone  
  26  3:02  Extractor  
  26  3:04  Extractor  
  21  4:11  Zergling x4  
  21  4:12  Zergling x4  
  21  4:13  Zergling x4  
  27  4:24  Baneling Nest  
  26  4:27  Zergling x2  
  26  4:28  Drone  
  19  5:25  Zergling x6  
  19  5:26  Zergling x2  
  19  5:27  Zergling x4  
  20  6:00  Drone  
  20  6:01  Zergling x4  
  20  6:02  Zergling x6  
  25  6:06  Queen  
  24  6:33  Hatchery  
  24  6:39  Spawning Pool  
  17  7:47  Drone  
  18  7:59  Drone  
  18  8:00  Drone x3  
  22  8:10  Drone  
  21  8:59  Spawning Pool  
  21  9:00  Drone x3  
  23  9:13  Drone  
  23  9:14  Drone x2  
  26  9:25  Hatchery  
  25  9:37  Drone x2  
  27  9:46  Lair  
  27  9:54  Baneling Nest  
  26  10:36  Evolution Chamber  
  26  10:42  Roach Warren, Drone  
  25  10:43  Drone x2  
  25  10:45  Queen  
  25  10:48  Drone  
  25  10:49  Drone  
  31  11:03  Spire  
  30  11:30  Zergling x6  
  33  12:00  Drone x3  
  36  12:22  Infestation Pit  
  36  12:23  Overlord  
  36  12:25  Overlord x2  
  36  12:26  Overlord x2  
  32  12:42  Zergling x2  
  32  12:43  Zergling x2  
  34  12:51  Corruptor  
  34  12:52  Corruptor  
Show
View Real Time Build Order
Export as new Build Order

Luffy Protoss 

Build Orders:  

Get SALT Encoding   

  12  0:02  Probe (Chrono Boost)  
  13  0:17  Pylon  
  13  0:25  Assimilator  
  13  0:38  Gateway  
  13  0:39  Probe (Chrono Boost)  
  15  0:50  Probe (Chrono Boost)  
  15  0:57  Forge  
  15  1:02  Probe (Chrono Boost)  
  16  1:19  Assimilator  
  16  1:27  Cybernetics Core  
  16  1:33  Pylon  
  16  1:42  Gateway  
  16  1:56  Gateway  
  16  2:05  Warp Gate  
  16  2:15  Pylon  
  16  2:41  Nexus  
  16  2:51  Gateway  
  16  3:09  Gateway  
  16  3:15  Pylon  
  16  3:32  Gateway  
  16  3:44  Protoss Ground Weapons Level 1  
  16  3:53  Probe (Chrono Boost)  
  17  4:04  Probe (Chrono Boost)  
  18  4:15  Pylon  
  18  4:23  Pylon  
  18  4:32  Probe (Chrono Boost)  
  19  4:42  Probe (Chrono Boost)  
  20  4:53  Probe (Chrono Boost)  
  21  5:04  Probe (Chrono Boost)  
  22  5:10  Stalker  
  22  5:12  Stalker  
  22  5:14  Stalker, Probe (Chrono Boost)  
  29  5:15  Stalker  
  31  5:30  Stalker  
  31  5:32  Stalker  
  35  5:37  Probe (Chrono Boost)  
  35  5:38  Protoss Ground Armor Level 1  
  36  5:47  Assimilator, Probe (Chrono Boost)  
  37  5:51  Assimilator  
  37  5:56  Stalker  
  39  5:58  Stalker, Probe (Chrono Boost)  
  39  6:00  Stalker  
  44  6:08  Probe (Chrono Boost)  
  45  6:19  Probe (Chrono Boost)  
  32  7:00  Stalker  
  34  7:01  Stalker  
  34  7:03  Stalker  
  34  7:05  Stalker  
  34  7:07  Stalker  
  42  7:09  Stalker  
  44  7:42  Probe (Chrono Boost)  
  45  7:47  Stalker  
  45  7:49  Stalker  
  45  7:50  Stalker  
  51  7:51  Stalker  
  51  7:53  Probe (Chrono Boost)  
  54  8:01  Probe (Chrono Boost)  
  54  8:03  Probe (Chrono Boost)  
  56  8:12  Probe (Chrono Boost)  
  57  8:36  Stalker  
  57  8:38  Stalker  
  57  8:40  Stalker  
  63  8:42  Stalker  
  63  8:43  Stalker  
  63  8:45  Stalker  
  49  9:43  Protoss Shields Level 1  
  49  9:48  Stalker  
  49  9:50  Stalker  
  53  9:52  Stalker  
  53  9:55  Stalker  
  53  9:57  Stalker  
  53  9:59  Stalker  
  61  10:27  Probe (Chrono Boost)  
  62  10:34  Stalker  
  64  10:36  Stalker  
  64  10:37  Probe (Chrono Boost)  
  64  10:38  Stalker  
  64  10:39  Stalker  
  64  10:41  Stalker  
  73  10:43  Stalker  
  73  10:48  Probe (Chrono Boost)  
  73  10:49  Probe (Chrono Boost)  
  77  11:03  Pylon  
  77  11:07  Twilight Council  
  77  11:32  Robotics Facility  
  77  12:18  Stalker  
  77  12:19  Stalker  
  77  12:21  Stalker  
  83  12:23  Stalker  
  37  13:02  Stalker  
  37  13:04  Stalker  
  41  13:06  Stalker  
  41  13:09  Stalker  
  41  13:11  Stalker  
  38  13:13  Stalker  
Tags
 
Add a new tag
Caveats
  • Supply blocks, unpowered buildings, or Contaminate may cause inaccurate times.
  • Supply counts are checked every 10 seconds.